 Dungeon Crawl Stone Soup version 0.19-a0-1740-g0bcaf2e (webtiles) character file.

585 Alarkh the Grave Robber (level 7, -1/46 HPs)
             Began as a Mummy Necromancer on Oct 2, 2016.
             Was an Initiate of Okawaru.
             Slain by an adder (4 damage)
             ... on level 5 of the Dungeon.
             The game lasted 00:06:55 (5155 turns).

Alarkh the Grave Robber (Mummy Necromancer)         Turns: 5155, Time: 00:06:55

Health: -1/46      AC:  3    Str: 12    XL:     7   Next: 15%
Magic:  2/15       EV: 12    Int: 16    God:    Okawaru [......]
Gold:   191        SH:  0    Dex: 12    Spells: 3 memorised, 8 levels left

rFire  x . .     SeeInvis .     s - +1 flail (protect)
rCold  + . .     Gourm    .     a - +0 robe
rNeg   + + +     Faith    .     (no shield)
rPois  ∞         Spirit   .     n - +0 helmet
rElec  .         Dismiss  .     (no cloak)
rCorr  .         Reflect  .     (no gloves)
MR     .....     Harm     .     (no boots)
Stlth  ++........               (no amulet)
                                (no ring)
                                (no ring)

@: no status effects
A: no food or potions, fire vulnerability, cold resistance 1, negative energy
resistance 3, torment resistance, unbreathing
a: Renounce Religion


You were on level 5 of the Dungeon.
You worshipped Okawaru.
Okawaru was noncommittal.
You were not hungry.

You visited 2 branches of the dungeon, and saw 6 of its levels.

You collected 191 gold pieces.

Inventory:

Hand Weapons
 k - a +1 dagger
 s - a +1 flail of protection (weapon)
Missiles
 o - 2 throwing nets (quivered)
Armour
 a - a +0 robe (worn)
 n - a +0 helmet (worn)
 p - a +0 buckler
Jewellery
 m - an uncursed ring of ice
Wands
 q - a wand of enslavement (8/24)
Scrolls
 c - a scroll of random uselessness
 d - 2 scrolls of identify
 e - a scroll of recharging
 f - a scroll of enchant weapon
 g - a scroll of teleportation
 h - a scroll of remove curse {unknown}
 i - a scroll of blinking {unknown}
 j - a scroll of amnesia {unknown}
 l - 2 scrolls of enchant armour {unknown}
 r - a scroll of fog {unknown}
Books
 b - a book of Necromancy

   Spells                             Type                      Level
   a - Pain                           Necromancy                   1
   b - Animate Skeleton               Necromancy                   1
   c - Vampiric Draining              Necromancy                   3
   d - Regeneration                   Charms/Necromancy            3
   e - Animate Dead                   Necromancy                   4
   f - Control Undead                 Necromancy                   4


   Skills:
 - Level 1.5 Dodging
 - Level 1.5 Stealth
 + Level 5.4 Spellcasting
 + Level 6.6 Necromancy


You had 8 spell levels left.
You knew the following spells:

 Your Spells              Type           Power        Failure   Level  Hunger
a - Pain                  Necr           ####         1%          1    N/A
b - Vampiric Draining     Necr           ####......   3%          3    N/A
c - Control Undead        Necr           ####......   12%         4    N/A

Dungeon Overview and Level Annotations

Branches:
Dungeon (5/15)             Temple (1/1) D:4

Altars:
Ashenzari
Cheibriados
Elyvilon
Fedhas
Kikubaaqudgha
Makhleb
Nemelex Xobeh
Okawaru
Qazlal
Ru
Trog
Zin
The Shining One
Jiyva


Innate Abilities, Weirdness & Mutations

You do not eat or drink.
Your flesh is vulnerable to fire.
You are immune to poison.
Your flesh is cold resistant. (rC+)
You are immune to negative energy. (rN+++)
You are immune to unholy pain and torment.
You can survive without breathing.


Message History

Press: ? - help, Shift-Dir - straight line, f/p - ogre
Aim: an ogre, wielding a giant spiked club (lightly wounded, chance to defeat MR: 84%)
The ogre writhes in agony!
The ogre hits you with a giant spiked club!
Casting: Pain
Confirm with . or Enter, or press ? or * to list all spells.
Aiming: Vampiric Draining
Press: ? - help, Shift-Dir - straight line, f/p - ogre
Aim: an ogre, wielding a giant spiked club (moderately wounded)
The ogre is heavily wounded.
You feel life coursing into your body.
The ogre hits you with a giant spiked club!!
Ouch! That really hurt!
* * * LOW HITPOINT WARNING * * *
You hear an angry hiss.
An adder comes into view.
The adder barely misses you. The adder barely misses you. The adder bites you.
You die...

#. #.#.. # #. ...
#. #. #.# .#
###.###<#
..#.......########
...#.#..##........#
.............%....#
..#.##.########..#
. #@##.## # #.
#S#.#.##
#.#..###O######..
#.....## ##........
###.#..###.######..
##.....#.##
....>...##
##......)#######.
#...[.........o.


You could see an adder.

Vanquished Creatures
  An ogre (D:4)
  A bullfrog (D:5)
  Blork the orc (D:4)
  A cyclops skeleton (D:4)
  A howler monkey (D:5)
  A gnoll shaman (D:3)
  2 orc wizards
  2 worker ants (D:4)
  A worker ant zombie (D:4)
  9 adders
  2 gnolls (D:4)
  An ooze (D:3)
  An adder zombie (D:4)
  An adder skeleton (D:4)
  A worm (D:3)
  2 dart slugs
  5 leopard geckos
  9 orcs
  5 giant cockroaches
  9 goblins
  4 hobgoblins
  7 jackals
  4 quokkas
  A ball python (D:3)
  7 bats
  3 frilled lizards
  5 kobolds
  A leopard gecko skeleton (D:4)
  10 rats
  A rat zombie (D:4)
99 creatures vanquished.

Vanquished Creatures (collateral kills)
  An orc zombie (D:4)
  An adder skeleton (D:4)
2 creatures vanquished.

Vanquished Creatures (others)
  A centaur skeleton (D:4)
  A worker ant zombie (Temple)
2 creatures vanquished.

Grand Total: 103 creatures vanquished

Notes
Turn   | Place    | Note
-------+----------+-------------------------------------------
     0 | D:1      | Alarkh the Mummy Necromancer began the quest for the Orb.
     0 | D:1      | Reached XP level 1. HP: 13/13 MP: 3/3
   241 | D:1      | Reached XP level 2. HP: 19/19 MP: 1/5
   773 | D:2      | Reached XP level 3. HP: 3/24 MP: 0/7
  1143 | D:2      | Found a shattered altar of Ashenzari.
  1769 | D:3      | Reached XP level 4. HP: 27/30 MP: 0/8
  1783 | D:3      | Learned a level 3 spell: Vampiric Draining
  1788 | D:3      | Learned a level 4 spell: Control Undead
  2648 | D:3      | Reached skill level 5 in Necromancy
  2812 | D:3      | Found an ancient bone altar of Kikubaaqudgha.
  2812 | D:3      | Found a glowing silver altar of Zin.
  2948 | D:4      | Reached XP level 5. HP: 30/35 MP: 6/11
  2996 | D:3      | Became a worshipper of Kikubaaqudgha
  3102 | D:4      | Noticed an ogre
  3337 | D:4      | Noticed an ogre
  3344 | D:4      | Killed an ogre
  3359 | D:4      | Reached XP level 6. HP: 41/41 MP: 4/12
  3603 | D:4      | Found an iron altar of Okawaru.
  3786 | D:4      | Fell from the grace of Kikubaaqudgha
  3786 | D:4      | Became a worshipper of Warmaster Okawaru
  3843 | D:5      | Entered Level 5 of the Dungeon
  3860 | D:5      | Reached skill level 6 in Necromancy
  3884 | D:4      | Reached skill level 5 in Spellcasting
  3998 | D:5      | Noticed a reaper
  4045 | D:4      | Found a staircase to the Ecumenical Temple.
  4057 | Temple   | Entered the Ecumenical Temple
  4605 | D:4      | Noticed Blork the orc
  4612 | D:4      | Killed Blork the orc
  4612 | D:4      | Reached XP level 7. HP: 14/46 MP: 1/15
  4918 | D:3      | Noticed a shadow
  4918 | D:3      | Noticed a shadow
  5148 | D:5      | HP: 2/46 [ogre/giant spiked club (29)]
  5155 | D:5      | Slain by an adder

Vault maps used:
D:1:      minmay_arrival_up_and_down, hangedman_decor_slide_cut,
          minmay_misc_feat_square
D:2:      ashenzari_altar_1, first_bread
D:3:      gammafunk_temple_overflow_elements
D:4:      lemuel_coloured_pillars_altar, uniq_blork_the_orc
D:5:      vehumet_statue, minmay_misc_feat_four_crosses, water_boxes_lemuel
Temple:   pf_slimified_temple

Skill      XL: |  1  2  3  4  5  6 |
---------------+-------------------+-----
Spellcasting   | 3 4 5 |  5.4
Necromancy     | 5 6 |  6.6
Dodging        | |  1.5
Stealth        | |  1.5

Action                   |  1- 3 |  4- 6 |  7- 9 || total
-------------------------+-------+-------+-------++-------
Melee: Unarmed           |    13 |       |       ||    13
       Dagger            |    14 |    34 |       ||    48
       Flail             |       |       |    32 ||    32
 Cast: Pain              |    68 |   165 |     9 ||   242
       Vampiric Draining |       |     6 |     1 ||     7
       Control Undead    |       |       |     4 ||     4
Evoke: Wand              |       |     1 |       ||     1
  Use: Scroll            |     3 |     1 |       ||     4
Armor: Robe              |    14 |    18 |    10 ||    42
Dodge: Dodged            |    43 |   100 |    24 ||   167
